AoeStats
← _The_Lion

Arena

509522786Analyzed
4v4 RM · 6d ago on Sep 27, 2026· 26m 50s· 8 players
Game mode
Random Map
Map size
Large (8 player)
Population
200
Speed
Normal
Resources
Standard
Victory
Conquest
Starting age
Dark Age
Ending age
Imperial Age
RankedLock teamsTeams togetherTeam positionsShared explorationLock speedFull tech treeHidden civsTurbo modeCheats
Victory
Defeat
🇨🇦 Khmer · Canada
1473
+15
🇨🇳 Wu · China
1394
+18
🇨🇳 Franks · China
1393
+18
🇨🇦 Celts · Canada
1380
+19
🇹🇼 Danes · Taiwan
1480
-19
🇱🇻 Varangians · Latvia
1470
-18
🇧🇩 Persians · Bangladesh
1426
-17
🇨🇳 Wei · China
1398
-16
Gunslinger
10:09 Feudal Age
11:03 Double-Bit Axe
14:31 Castle Age
15:50 Bow Saw
21:47 Scale Barding Armor
23:33 Bloodlines
23:35 Forging
25:21 Chain Barding Armor
두도스
9:24 Feudal Age
13:28 Castle Age
12:00 Double-Bit Axe
14:30 Bow Saw
19:51 Wheelbarrow
19:53 Loom
22:26 Horse Collar
22:56 Bow Saw
23:33 Heavy Plow
kuim
10:23 Feudal Age
11:15 Double-Bit Axe
14:00 Castle Age
14:36 Horse Collar
15:25 Bow Saw
20:17 Loom
vino
10:34 Feudal Age
11:49 Double-Bit Axe
12:14 Horse Collar
14:35 Castle Age
14:58 Scale Barding Armor
15:45 Bow Saw
16:46 Loom
17:37 Wheelbarrow
XHK
9:39 Feudal Age
10:42 Double-Bit Axe
13:30 Castle Age
21:33 Bow Saw
23:12 Wheelbarrow
24:11 Gold Mining
27:30 Imperial Age
26:10 Gold Shaft Mining
25:53 Hand Cart
26:20 Scale Barding Armor
27:19 Husbandry
_The_Lion
9:50 Feudal Age
14:05 Castle Age
12:17 Double-Bit Axe
12:29 Loom
24:05 Ballistics
T1m
10:12 Feudal Age
13:36 Castle Age
11:23 Double-Bit Axe
11:42 Horse Collar
13:14 Bloodlines
13:37 Light Cavalry
15:56 Forging
18:13 Scale Barding Armor
23:14 Chain Barding Armor
菜菜
10:25 Feudal Age
14:35 Castle Age
12:56 Double-Bit Axe
13:34 Horse Collar
15:32 Scale Mail Armor
18:17 Chain Mail Armor
21:16 Bow Saw
21:25 Forging
21:04 Arson
23:03 Wheelbarrow
25:19 Hand Cart
25:52 Gold Mining
26:07 Loom
Connection lost

Rejoining the realm…

Still unreachable

The connection could not be restored.

Session expired

The server has moved on; the page needs a fresh start.